 Dungeon Crawl Stone Soup version 0.24-a0-446-g87df720 (webtiles) character file.

Game seed: 2025117665711241671

316 MatthieuS the Insei (level 6, -1/43 HPs)
             Began as a Merfolk Transmuter on June 23, 2019.
             Was an Initiate of Dithmenos.
             Killed by divine providence
             ... invoked by an orc priest
              (11 damage)
             ... on level 4 of the Dungeon.
             The game lasted 00:10:21 (3902 turns).

MatthieuS the Insei (Merfolk Transmuter)            Turns: 3902, Time: 00:10:22

Health: -1/43      AC:  6    Str: 10    XL:     6   Next: 44%
Magic:  6/9        EV: 11    Int: 15    God:    Dithmenos [......]
Gold:   185        SH:  4    Dex: 14    Spells: 6/9 levels left

rFire    . . .     SeeInvis +     - Unarmed
rCold    . . .     Gourm    .   j - +0 buckler
rNeg     . . .     Faith    .   d - +0 ring mail
rPois    .         Spirit   .   (no helmet)
rElec    .         Reflect  .   (no cloak)
rCorr    .         Harm     .   (no gloves)
MR       .....                  i - +0 pair of boots
Stlth    +.........             (no amulet)
HPRegen  0.14/turn              (no ring)
MPRegen  0.11/turn              z - ring of see invisible

@: appendage
A: change form in water, swift swim, stealthy swim, horns 2
a: End Transformation, Renounce Religion


You were on level 4 of the Dungeon.
You worshipped Dithmenos.
Dithmenos was noncommittal.
You were not hungry.
You had grown temporary horns.
You visited 1 branch of the dungeon, and saw 4 of its levels.

You collected 185 gold pieces.

Inventory:

Missiles
 a - 35 arrows
Armour
 b - a +0 robe
 d - a +0 ring mail (worn)
   (You found it on level 2 of the Dungeon)
 i - a +0 pair of boots (worn)
   (You found it on level 1 of the Dungeon)
 j - a +0 buckler (worn)
   (You found it on level 2 of the Dungeon)
 q - a +0 cloak
   (You found it on level 3 of the Dungeon)
Jewellery
 z - a ring of see invisible (right hand)
   (You found it on level 2 of the Dungeon)
Wands
 m - a wand of random effects (19)
   (You found it on level 2 of the Dungeon)
 s - a wand of polymorph (5)
   (You found it on level 4 of the Dungeon)
Scrolls
 c - 3 scrolls of teleportation {@r4}
 f - 4 scrolls of identify {@r1}
 k - a scroll of remove curse {@r2}
 o - a scroll of immolation {unknown}
 t - a scroll of fog {unknown}
Potions
 g - a potion of haste {unknown}
 l - a potion of magic {unknown}
 n - a potion of cancellation {unknown}
 p - a potion of flight {unknown}
 r - 3 potions of curing {@q1}
Comestibles
 e - 8 rations
 u - a chunk of flesh


   Skills:
 - Level 1.2 Fighting
 - Level 2.8 Dodging
 - Level 0.4 Stealth
 + Level 2.2 Shields
 * Level 5.8 Unarmed Combat
 - Level 2.3 Spellcasting
 + Level 5.0 Transmutations


You had 6 spell levels left.
You knew the following spells:

 Your Spells              Type           Power        Failure   Level  Hunger
a - Beastly Appendage     Tmut           ###...       9%          1    #......
b - Sticks to Snakes      Tmut           ###.....     14%         2    ###....

Your spell library contained the following spells:

 Spells                   Type           Power        Failure   Level  Hunger
 Spider Form              Tmut/Pois      #.........   58%         3    ###....
 Ice Form                 Ice/Tmut       #.......     94%         4    #####..
 Blade Hands              Tmut           ###.......   94%         5    ######.


Dungeon Overview and Level Annotations

Branches:
Dungeon (4/15)
 Temple: D:4-7

Altars:
Dithmenos
Fedhas
Kikubaaqudgha
Xom

Annotations:
D:2 exclusion: oklob plant


Innate Abilities, Weirdness & Mutations

You revert to your normal form in water.
You are very nimble and swift while swimming.
You are very stealthy in the water. (Stealth+)
You have a pair of horns on your head.


Message History

You hit the orc.
You kill the orc!
Dithmenos accepts your kill. The orc barely misses your adder.
Your adder barely misses the orc.
What are your orders? t - Shout!
Orders for allies: a - Attack new target. r - Retreat! s - Stop attacking. g - Guard the area. f - Follow me.
Anything else - Cancel.
Gang up on whom?
Aim: an orc priest, wielding a +0 short sword and wearing a +0 leather armour Attack!
The orc hits your adder with a +0 trident.
Your adder bites the orc.
The orc dies!
Dithmenos accepts your kill. The orc hits your adder with a +0 mace.
Your adder bites the orc.
Things that are here:
a +0 ring mail; an orc corpse You punch the orc priest!
You headbutt the orc priest!
Your adder barely misses the orc.
The orc priest hits you with a +0 short sword.
Your adder bites the orc.
The orc dies!
Dithmenos accepts your kill.
You barely miss the orc priest. Your headbutt misses the orc priest.
The orc priest invokes the aid of Beogh against you.
Beogh smites you!
* * * LOW HITPOINT WARNING * * *
The orc misses your adder.
You hit the orc priest but do no damage.
The orc priest mumbles some strange prayers to Beogh against you.
Beogh smites you!
* * * LOW HITPOINT WARNING * * *
Your adder misses the orc.
It was a potion of curing.
You feel better. The orc hits your adder with a +0 mace.
Your adder bites the orc.
The orc priest misses you.
You completely miss the orc priest. Your headbutt misses the orc priest.
Your adder bites the orc.
The orc dies!
Dithmenos accepts your kill. You block the orc priest's attack.
You barely miss the orc priest.
Your adder barely misses the orc priest.
The orc priest invokes the aid of Beogh against you.
Beogh smites you!
You die...

.........#
....o..$.#
....o....#
..?..o...##########
........[##.......#
%...>§..o##.^..[..#
#._§##..)S...#
#..§o..##o####
#..#.####@# ##...#
#.# # #...# #.# ##
# #.### #.# . ...#
#.# #... #.# ..
..#.## #.# .#
##....## #.# ##
#...###.#


You could see an orc priest and a friendly adder.

Vanquished Creatures
  An ogre (D:3)
  A bullfrog (D:3)
  A hound (D:4)
  A centaur skeleton (D:4)
  A worker ant (D:4)
  An adder (D:2)
  An adder skeleton (D:4)
  2 leopard geckos
  2 orcs
  4 giant cockroaches
  4 goblins
  9 hobgoblins
  3 jackals (D:2)
  A ball python (D:4)
  4 bats
  3 frilled lizards
  7 kobolds
  A leopard gecko skeleton (D:4)
  5 rats
52 creatures vanquished.

Vanquished Creatures (collateral kills)
  An orc priest (D:3)
  3 adders
  A worm (D:2)
  5 orcs
  A giant cockroach (D:3)
  A bat (D:3)
  A kobold (D:3)
13 creatures vanquished.

Grand Total: 65 creatures vanquished

Notes
Turn   | Place    | Note
-------+----------+-------------------------------------------
     0 | D:1      | MatthieuS the Merfolk Transmuter began the quest for the
                  | Orb.
     0 | D:1      | Reached XP level 1. HP: 15/15 MP: 3/3
   249 | D:1      | Reached XP level 2. HP: 16/21 MP: 3/5
   915 | D:1      | Learned a level 2 spell: Sticks to Snakes
  1201 | D:2      | Reached XP level 3. HP: 21/26 MP: 4/6
  2380 | D:2      | Found a blossoming altar of Fedhas.
  2393 | D:2      | Noticed an oklob plant
  2610 | D:3      | Noticed a bullfrog
  2618 | D:3      | Killed a bullfrog
  2618 | D:3      | Reached XP level 4. HP: 25/32 MP: 1/7
  2668 | D:3      | Reached skill level 1 in Shields
  2746 | D:3      | Reached XP level 5. HP: 36/37 MP: 5/8
  2807 | D:3      | Found a shimmering altar of Xom.
  3259 | D:4      | Noticed an ogre
  3401 | D:3      | Killed an ogre
  3401 | D:3      | Reached skill level 5 in Unarmed Combat
  3401 | D:3      | Reached XP level 6. HP: 11/43 MP: 9/9
  3718 | D:4      | Found an ancient bone altar of Kikubaaqudgha.
  3817 | D:4      | Reached skill level 5 in Transmutations
  3870 | D:4      | Found a shadowy altar of Dithmenos.
  3875 | D:4      | Became a worshipper of Dithmenos the Shadowed
  3899 | D:4      | HP: 1/43 [orc priest/divine providence (12)]
  3902 | D:4      | Killed from afar by an orc priest

Levels and vault maps discovered:
D:1:      roderic_crop_circles_arrival_small, layout_loops_corners
D:2:      layout_basic, tgw_fedhas, first_ration, grunt_ministairs_11,
          minmay_misc_feat_five, kennysheep_decorative_pillar
D:3:      layout_basic, old_standard_altar
D:4:      layout_rooms, kiku_gazebo_garden_becter, grunt_dithmenos_smoke,
          uniq_sigmund

Skill      XL: |  1  2  3  4  5  6 |
---------------+-------------------+-----
Transmutations | 3 4 5 |  5.0
Unarmed Combat | 4 5 |  5.8
Shields        | 1 2 |  2.2
Fighting       | |  1.2
Dodging        | |  2.8
Stealth        | |  0.4
Spellcasting   | |  2.3

Action                   |  1- 3 |  4- 6 || total
-------------------------+-------+-------++-------
Melee: Unarmed           |   105 |    86 ||   191
       Headbutt          |     7 |     7 ||    14
 Cast: Beastly Appendage |    17 |    10 ||    27
       Sticks to Snakes  |     6 |    10 ||    16
Evoke: Wand              |       |     6 ||     6
  Use: Scroll            |     4 |     6 ||    10
       Potion            |       |     3 ||     3
 Stab: Distracted        |     1 |       ||     1
       Sleeping          |     1 |       ||     1
  Eat: Chunk             |     6 |     5 ||    11
Armor: Robe              |    16 |       ||    16
       Ring mail         |    34 |    22 ||    56
Dodge: Dodged            |    64 |    33 ||    97
Block: Buckler           |     5 |    16 ||    21

Table legend:
 A = Non-vault XP
 B = Vault XP
 C = Vault XP percentage of total XP
 D = Non-vault monster count
 E = Vault monster count
 F = Vault count percentage of total count
                 A         B        C        D         E       F
            +---------+---------+-------+---------+---------+-------
      Total |     449 |       3 |   0.7 |      63 |       2 |   3.1
            +---------+---------+-------+---------+---------+-------
        D:1 |      19 |       0 |   0.0 |      11 |       0 |   0.0
        D:2 |      57 |       3 |   5.0 |      20 |       2 |   9.1
        D:3 |     237 |       0 |   0.0 |      20 |       0 |   0.0
        D:4 |     136 |       0 |   0.0 |      12 |       0 |   0.0
            +---------+---------+-------+---------+---------+-------
